 Seeded DCSS version 0.30.1-4-g462c640d31 (webtiles) character file.

Game seed: 20230804 (custom seed)

0 AccursedSamuel the Sneak (level 1, -4/13 (14) HPs)
             Began as a Tengu Delver on Aug 10, 2023.
             Slain by a gnoll
             ... wielding a +0 spear
              (5 damage)
             ... on level 4 of the Dungeon.
             The game lasted 00:00:18 (102 turns).

AccursedSamuel the Sneak (Tengu Delver)              Turns: 102, Time: 00:00:18

HP:   -4/13 (14)    AC:  3    Str: 12    XL:     1   Next: 10%
MP:   2/2           EV: 12    Int: 10    God:
Gold: 0             SH:  0    Dex: 15    Spells: 0/0 levels left

rFire   . . .        a - +0 falchion
rCold   . . .        (no shield)
rNeg    . . .        b - +0 leather armour
rPois   .            (helmet restricted)
rElec   .            (no cloak)
rCorr   .            (no gloves)
SInv    .            (boots unavailable)
Will    .....        (no amulet)
Stlth   +++          (no ring)
HPRegen 0.22/turn    (no ring)
MPRegen 0.08/turn

%: no passive effects
@: drained
A: beak, talons 3
a: no special abilities


You were on level 4 of the Dungeon.
You visited 1 branch of the dungeon, and saw 2 of its levels.

Inventory:

Hand Weapons
 a - a +0 falchion (weapon)
Armour
 b - a +0 leather armour (worn)
Wands
 g - a wand of digging (3)
Scrolls
 c - a scroll of fog
 d - a scroll of magic mapping
 e - a scroll of fear
Potions
 f - a potion of haste


   Skills:
 + Level 3.0 Fighting
 + Level 2.1 Long Blades
 + Level 2.1 Dodging
 + Level 5.0 Stealth


You couldn't memorise any spells.
You didn't know any spells.
Your spell library was empty.

Dungeon Overview and Level Annotations

Branches:
Dungeon (5/15)             Temple (0/1) D:5

Altars:


Innate Abilities, Weirdness & Mutations

You have a beak for a mouth.
You have claws for feet.


Message History

Found two stone staircases leading down.
Found a flail.
Found a staircase to the Ecumenical Temple.
Found 6 gold pieces.
Found a runed flail.
Found a stone staircase leading down.
Found a robe.
There is a stone staircase leading down here.
Found a stone staircase leading up.
You see here a +0 robe.
There is a stone staircase leading up here.
You can't go down here!
You climb upwards.
You hear the sound of rushing water.
There is an entrance to a sewer on this level.
Hurry and find it before the portal rusts away!
There is a stone staircase leading down here.
A goblin comes into view. It is wielding a +0 dagger of draining.
A gnoll comes into view. It is wielding a +0 spear.
The gnoll shouts!
You hear a shout! x2
A gnoll comes into view. It is wielding a +0 spear.
A gnoll comes into view. It is wielding a +0 club.
The goblin hits you but does no damage.
You feel drained.
The gnoll hits you from afar with a +0 spear.
You closely miss the goblin. You claw the goblin.
You kill the goblin!
The gnoll barely misses you.
The gnoll misses you. x2; The gnoll hits you with a +0 spear.
Things that are here:
a +0 dagger of draining; a goblin corpse You barely miss the gnoll.
You claw the gnoll.
The gnoll is lightly wounded.
The gnoll closely misses you. x2; The gnoll barely misses you.
You hit the gnoll. You claw the gnoll.
The gnoll is severely wounded.
The gnoll barely misses you. x2; The gnoll hits you with a +0 spear.
* * * LOW HITPOINT WARNING * * *
You closely miss the gnoll.
The gnoll is severely wounded.
The gnoll hits you with a +0 spear.
You die...

#.# ##########
#.# #........#
#.# #........#
#.# #........#
#.# #........#
#.# #........#
#.#
#....g...###.#
+....g@......#
#....g...#####
#........#
#........#
##########


You could see 3 gnolls.

Vanquished Creatures
  A goblin (D:4)
1 creature vanquished.

Notes
Turn   | Place    | Note
-------+----------+-------------------------------------------
     0 | D:5      | AccursedSamuel the Tengu Delver began the quest for the
                  | Orb.
     0 | D:5      | Reached XP level 1. HP: 14/14 MP: 2/2
    20 | D:5      | Found a staircase to the Ecumenical Temple.
   102 | D:4      | Slain by a gnoll

Illustrated notes

Levels and vault maps discovered:
D:4:      layout_basic, gammafunk_temple_overflow_forgotten,
          portal_sewer_entry_b
D:5:      layout_rooms, mainiacjoe_overflow_two_lobes, temple_pool_b,
          serial_shops, nicolae_shop_window_shopping, ebering_ghost_inner_flame

Action                     || total
---------------------------++-------
  Melee: Falchion          ||     4
         Kick              ||     3
 Armour: Leather armour    ||     1
  Dodge: Dodged            ||     8
